[ AOE2 MATCH · #476446901 ]
UnrankedMongols vs Gurjaras
[ REPLAY ANALYSIS · EXTRACTED FROM THE RECORDED GAME ]
Feudal
11:47
Castle
18:13
Imperial
36:45
| APM avg | 43.7 |
| APM peak | 94 |
| eAPM avg | 19.3 |
| Villagers / military | 142 / 338 |
Focus
⚔️ 28.4% · 🌾 71.6%
Scout Cavalry ×154 · Skirmisher ×135 · Mangudai ×28 · Battering Ram ×11 · Archer ×6 · Monk ×1
Feudal
10:41
Castle
15:01
Imperial
32:26
| APM avg | 37.6 |
| APM peak | 87 |
| eAPM avg | 19.3 |
| Villagers / military | 145 / 376 |
Focus
⚔️ 32.1% · 🌾 67.9%
Scout Cavalry ×202 · Cavalry Archer ×161 · Trebuchet (Packed) ×9 · Monk ×4
Feudal
11:40
Castle
16:27
Imperial
37:41
| APM avg | 22.2 |
| APM peak | 60 |
| eAPM avg | 15.5 |
| Villagers / military | 131 / 292 |
Focus
⚔️ 48.1% · 🌾 51.9%
Camel Scout ×98 · Shrivamsha Rider ×88 · Scout Cavalry ×75 · Chakram Thrower ×26 · Trebuchet (Packed) ×5
Feudal
11:04
Castle
16:24
Imperial
—
| APM avg | 27.5 |
| APM peak | 95 |
| eAPM avg | 13.0 |
| Villagers / military | 96 / 25 |
Focus
⚔️ 10.9% · 🌾 89.1%
Huskarl ×14 · Mangonel ×6 · Spearman ×4 · Monk ×1
Feudal
12:31
Castle
18:14
Imperial
33:03
| APM avg | 28.0 |
| APM peak | 81 |
| eAPM avg | 18.0 |
| Villagers / military | 86 / 223 |
Focus
⚔️ 36.8% · 🌾 63.2%
Skirmisher ×144 · Rattan Archer ×39 · Spearman ×20 · Bombard Cannon ×8 · Mangonel ×5 · Trebuchet (Packed) ×3
Feudal
11:08
Castle
15:34
Imperial
33:07
| APM avg | 38.2 |
| APM peak | 74 |
| eAPM avg | 22.3 |
| Villagers / military | 134 / 184 |
Focus
⚔️ 33.7% · 🌾 66.3%
Hand Cannoneer ×108 · Teutonic Knight ×62 · Trebuchet (Packed) ×9 · Battering Ram ×5 · Trade Cart ×1
Feudal
11:46
Castle
15:42
Imperial
31:31
| APM avg | 47.3 |
| APM peak | 120 |
| eAPM avg | 34.2 |
| Villagers / military | 144 / 133 |
Focus
⚔️ 17.9% · 🌾 82.1%
Hand Cannoneer ×50 · Spearman ×41 · Scorpion ×29 · Scout Cavalry ×12 · Mangonel ×1
Feudal
11:54
Castle
18:19
Imperial
32:23
| APM avg | 30.6 |
| APM peak | 81 |
| eAPM avg | 24.0 |
| Villagers / military | 142 / 655 |
Focus
⚔️ 48.0% · 🌾 52.0%
Spearman ×513 · Huskarl ×73 · Militia ×56 · Scorpion ×6 · Monk ×4 · Mangonel ×1
Match map
Initial resources + every placement click. Lines = walls · curves = elevation contours. ◆ gold · ⬟ stone · ● berries · ✦ relic · ◌ wall gap
Your base· ✓ Closed at 18:13 · 0t walls · 2 gate(s)
Grey's base· ✓ Closed at 15:01 · 0t walls · 3 gate(s)
Kroxa's base· ✓ Closed at 16:27 · 0t walls · 2 gate(s)
Qoo's base· ✓ Closed at 16:24 · 0t walls · 2 gate(s)
TUPI2's base· ✓ Closed at 18:14 · 0t walls · 3 gate(s)
MorikawaKouichi's base· ✓ Closed at 15:34 · 0t walls · 3 gate(s)
volraththefallen's base· ✓ Closed at 15:42 · 0t walls · 2 gate(s)
藍朽's base· ✓ Closed at 18:19 · 6t walls · 4 gate(s)
Smoothed initial terrain · ◌ = detected wall gap · hover for details
Inputs per minute
— Lil' Bị - - Grey
Build order — Lil' Bị
First 150 of 423 actions detected
| 0:04 | Create | Villager (Male) |
| 0:05 | Create | Villager (Male) |
| 0:05 | Create | Villager (Male) |
| 0:06 | Build | House |
| 0:07 | Build | House |
| 0:58 | Create | Villager (Male) |
| 0:59 | Create | Villager (Male) |
| 1:37 | Create | Villager (Male) |
| 1:37 | Create | Villager (Male) |
| 2:20 | Create | Villager (Male) |
| 2:21 | Create | Villager (Male) |
| 2:21 | Create | Villager (Male) |
| 2:55 | Create | Villager (Male) |
| 2:56 | Create | Villager (Male) |
| 3:45 | Build | House |
| 3:57 | Create | Villager (Male) |
| 4:02 | Build | Mill |
| 4:31 | Build | House |
| 4:35 | Create | Villager (Male) |
| 5:17 | Create | Villager (Male) |
| 5:17 | Create | Villager (Male) |
| 5:24 | Build | Farm |
| 5:27 | Create | Villager (Male) |
| 6:42 | Create | Villager (Male) |
| 6:42 | Create | Villager (Male) |
| 6:43 | Create | Villager (Male) |
| 7:20 | Create | Villager (Male) |
| 7:22 | Build | Lumber Camp |
| 7:52 | Create | Villager (Male) |
| 7:54 | Build | Farm |
| 7:54 | Build | Farm |
| 7:54 | Build | Farm |
| 7:55 | Build | Farm |
| 7:58 | Create | Villager (Male) |
| 7:59 | Create | Villager (Male) |
| 9:05 | Build | Farm |
| 9:06 | Build | Farm |
| 9:11 | Create | Villager (Male) |
| 9:14 | Build | Farm |
| 9:31 | Research | Feudal Age |
| 9:51 | Build | Farm |
| 10:47 | Create | Villager (Male) |
| 10:47 | Create | Villager (Male) |
| 11:16 | Build | House |
| 11:39 | Research | Loom |
| 11:39 | Create | Villager (Male) |
| 11:39 | Create | Villager (Male) |
| 11:47 | Age | Feudal Age |
| 11:59 | Build | Mining Camp |
| 12:09 | Build | Blacksmith |
| 12:10 | Build | House |
| 12:34 | Create | Villager (Male) |
| 12:41 | Create | Villager (Male) |
| 12:53 | Build | Market |
| 12:56 | Create | Villager (Male) |
| 13:46 | Build | Farm |
| 13:51 | Build | Farm |
| 13:55 | Build | Farm |
| 13:57 | Create | Villager (Male) |
| 14:23 | Build | Farm |
| 14:38 | Create | Villager (Male) |
| 15:08 | Create | Villager (Male) |
| 15:25 | Build | House |
| 15:32 | Research | Castle Age |
| 15:43 | Build | Mining Camp |
| 16:17 | Build | Barracks |
| 16:26 | Research | Gold Mining |
| 16:29 | Research | Double-Bit Axe |
| 17:19 | Create | Villager (Male) |
| 17:19 | Create | Villager (Male) |
| 17:42 | Research | Stone Mining |
| 18:13 | Age | Castle Age |
| 18:15 | Build | Town Center |
| 18:17 | Create | Villager (Male) |
| 18:18 | Create | Villager (Male) |
| 18:18 | Create | Villager (Male) |
| 18:38 | Build | Archery Range |
| 18:41 | Create | Spearman |
| 19:22 | Build | Archery Range |
| 19:25 | Create | Villager (Male) |
| 19:26 | Create | Villager (Male) |
| 19:28 | Build | Monastery |
| 19:31 | Build | Farm |
| 19:31 | Build | Farm |
| 19:35 | Create | Villager (Male) |
| 19:36 | Create | Villager (Male) |
| 19:36 | Create | Villager (Male) |
| 19:36 | Create | Villager (Male) |
| 19:40 | Build | House |
| 19:42 | Build | House |
| 20:15 | Create | Archer |
| 20:15 | Create | Archer |
| 20:18 | Create | Villager (Male) |
| 20:18 | Create | Villager (Male) |
| 20:19 | Create | Villager (Male) |
| 20:25 | Build | House |
| 20:31 | Build | Farm |
| 20:34 | Create | Villager (Male) |
| 20:35 | Create | Villager (Male) |
| 20:36 | Create | Villager (Male) |
| 20:36 | Create | Villager (Male) |
| 20:43 | Build | House |
| 20:52 | Build | Archery Range |
| 20:54 | Create | Archer |
| 21:01 | Research | Fletching |
| 21:06 | Build | House |
| 21:06 | Build | House |
| 21:11 | Create | Villager (Male) |
| 21:32 | Create | Villager (Male) |
| 21:33 | Create | Villager (Male) |
| 21:39 | Build | House |
| 21:42 | Create | Monk |
| 21:55 | Build | Stable |
| 22:03 | Create | Archer |
| 22:06 | Create | Archer |
| 22:10 | Create | Villager (Male) |
| 22:12 | Create | Villager (Male) |
| 22:12 | Create | Villager (Male) |
| 22:13 | Create | Villager (Male) |
| 22:14 | Build | Farm |
| 22:15 | Build | Farm |
| 22:17 | Build | Farm |
| 22:17 | Build | Farm |
| 22:25 | Create | Villager (Male) |
| 22:31 | Research | Bow Saw |
| 22:35 | Build | House |
| 22:39 | Build | Farm |
| 22:41 | Build | Farm |
| 23:05 | Build | Stable |
| 23:11 | Create | Scout Cavalry |
| 23:28 | Create | Archer |
| 23:33 | Create | Villager (Male) |
| 23:33 | Create | Villager (Male) |
| 23:40 | Research | Gold Shaft Mining |
| 23:42 | Build | House |
| 23:44 | Build | House |
| 24:07 | Build | Siege Workshop |
| 24:22 | Create | Villager (Male) |
| 24:22 | Create | Villager (Male) |
| 24:23 | Create | Villager (Male) |
| 24:30 | Build | Town Center |
| 24:32 | Create | Villager (Male) |
| 24:33 | Create | Villager (Male) |
| 24:35 | Create | Villager (Male) |
| 24:35 | Create | Villager (Male) |
| 25:02 | Create | Mangonel |
| 25:02 | Create | Scorpion |
| 25:08 | Create | Scout Cavalry ×3 |
| 25:13 | Build | Stable |
| 25:17 | Create | Villager (Male) |
Build order — Grey
First 150 of 480 actions detected
| 0:01 | Create | Villager (Male) |
| 0:01 | Create | Villager (Male) |
| 0:03 | Build | House |
| 0:04 | Build | House |
| 0:05 | Create | Villager (Male) |
| 0:05 | Create | Villager (Male) |
| 0:05 | Create | Villager (Male) |
| 1:37 | Create | Villager (Male) |
| 1:37 | Create | Villager (Male) |
| 2:00 | Create | Villager (Male) |
| 2:01 | Create | Villager (Male) |
| 2:14 | Build | Lumber Camp |
| 2:26 | Create | Villager (Male) |
| 2:26 | Create | Villager (Male) |
| 2:51 | Create | Villager (Male) |
| 2:51 | Create | Villager (Male) |
| 3:23 | Build | House |
| 3:27 | Create | Villager (Male) |
| 3:27 | Create | Villager (Male) |
| 3:28 | Create | Villager (Male) |
| 4:15 | Create | Villager (Male) |
| 4:33 | Build | House |
| 4:40 | Create | Villager (Male) |
| 4:41 | Create | Villager (Male) |
| 4:58 | Build | Mill |
| 5:36 | Create | Villager (Male) |
| 5:37 | Create | Villager (Male) |
| 5:37 | Create | Villager (Male) |
| 5:37 | Create | Villager (Male) |
| 7:13 | Create | Villager (Male) |
| 7:13 | Create | Villager (Male) |
| 7:14 | Create | Villager (Male) |
| 7:47 | Build | Mining Camp |
| 8:14 | Build | House |
| 8:26 | Research | Feudal Age |
| 8:27 | Research | Feudal Age |
| 8:47 | Create | Villager (Male) |
| 8:47 | Create | Villager (Male) |
| 8:47 | Create | Villager (Male) |
| 9:20 | Build | Mill |
| 10:29 | Create | Villager (Male) |
| 10:41 | Age | Feudal Age |
| 10:45 | Build | Market |
| 10:51 | Build | Blacksmith |
| 11:19 | Research | Loom |
| 12:18 | Research | Castle Age |
| 12:19 | Research | Castle Age |
| 13:11 | Research | Double-Bit Axe |
| 13:12 | Research | Double-Bit Axe |
| 13:18 | Build | House |
| 13:19 | Build | House |
| 13:20 | Build | House |
| 13:35 | Research | Horse Collar |
| 14:18 | Create | Villager (Male) |
| 14:19 | Create | Villager (Male) |
| 15:01 | Age | Castle Age |
| 15:05 | Build | Town Center |
| 15:13 | Build | Town Center |
| 15:31 | Create | Villager (Male) |
| 15:31 | Create | Villager (Male) |
| 15:31 | Create | Villager (Male) |
| 15:31 | Create | Villager (Male) |
| 15:42 | Build | Monastery |
| 15:54 | Build | Farm |
| 16:09 | Create | Monk |
| 16:10 | Create | Monk |
| 16:15 | Research | Fervor |
| 16:20 | Build | Farm |
| 16:36 | Build | Farm |
| 16:55 | Create | Villager (Male) |
| 16:57 | Create | Villager (Male) |
| 17:07 | Create | Villager (Male) |
| 17:07 | Create | Villager (Male) |
| 17:19 | Create | Villager (Male) |
| 17:19 | Create | Villager (Male) |
| 17:20 | Create | Villager (Male) |
| 17:25 | Build | Farm |
| 17:25 | Build | Farm |
| 17:55 | Create | Villager (Male) |
| 17:55 | Create | Villager (Male) |
| 17:55 | Create | Villager (Male) |
| 18:06 | Create | Villager (Male) |
| 18:06 | Create | Villager (Male) |
| 18:12 | Build | Farm |
| 18:12 | Build | Farm |
| 18:12 | Build | Farm |
| 18:15 | Create | Villager (Male) |
| 18:15 | Create | Villager (Male) |
| 18:25 | Create | Villager (Male) |
| 18:25 | Create | Villager (Male) |
| 18:54 | Create | Villager (Male) |
| 18:55 | Create | Villager (Male) |
| 18:55 | Create | Villager (Male) |
| 19:00 | Create | Monk |
| 19:09 | Create | Villager (Male) |
| 19:09 | Create | Villager (Male) |
| 19:09 | Create | Villager (Male) |
| 19:15 | Build | Farm |
| 19:16 | Build | Farm |
| 19:16 | Build | Farm |
| 19:16 | Build | Farm |
| 19:17 | Build | Farm |
| 19:17 | Build | Farm |
| 19:30 | Build | Farm |
| 19:30 | Build | Farm |
| 19:30 | Build | Farm |
| 19:32 | Build | Farm |
| 19:34 | Create | Villager (Male) |
| 19:35 | Create | Villager (Male) |
| 19:35 | Create | Villager (Male) |
| 19:35 | Create | Villager (Male) |
| 19:38 | Create | Monk |
| 20:12 | Create | Villager (Male) |
| 20:12 | Create | Villager (Male) |
| 20:12 | Create | Villager (Male) |
| 20:12 | Create | Villager (Male) |
| 20:29 | Create | Villager (Male) |
| 20:29 | Create | Villager (Male) |
| 20:33 | Build | Farm |
| 20:33 | Build | Farm |
| 20:33 | Build | Farm |
| 20:34 | Build | Farm |
| 20:40 | Build | Barracks |
| 20:45 | Build | House |
| 20:46 | Build | House |
| 20:47 | Build | House |
| 20:49 | Build | House |
| 20:50 | Build | House |
| 21:15 | Create | Villager (Male) |
| 21:16 | Create | Villager (Male) |
| 21:16 | Create | Villager (Male) |
| 21:16 | Create | Villager (Male) |
| 21:16 | Create | Villager (Male) |
| 21:26 | Build | Farm |
| 21:26 | Build | Farm |
| 21:27 | Build | Farm |
| 21:27 | Build | Farm |
| 21:27 | Build | Farm |
| 21:49 | Build | House |
| 21:51 | Build | House |
| 21:52 | Build | House |
| 21:56 | Create | Villager (Male) |
| 21:57 | Create | Villager (Male) |
| 21:57 | Create | Villager (Male) |
| 22:09 | Build | Mining Camp |
| 22:11 | Research | Bow Saw |
| 22:11 | Research | Bow Saw |
| 22:14 | Create | Villager (Male) |
| 22:15 | Create | Villager (Male) |
| 22:15 | Create | Villager (Male) |
Build order — Kroxa
First 150 of 563 actions detected
| 0:02 | Create | Villager (Male) |
| 0:02 | Create | Villager (Male) |
| 0:03 | Create | Villager (Male) |
| 0:04 | Build | House |
| 0:06 | Build | House |
| 0:29 | Build | Mill |
| 0:31 | Create | Villager (Male) |
| 0:32 | Create | Villager (Male) |
| 1:48 | Build | House |
| 1:49 | Build | House |
| 1:56 | Create | Villager (Male) |
| 1:56 | Create | Villager (Male) |
| 2:18 | Create | Villager (Male) |
| 2:19 | Create | Villager (Male) |
| 2:45 | Create | Villager (Male) |
| 2:45 | Create | Villager (Male) |
| 3:09 | Create | Villager (Male) |
| 3:13 | Create | Villager (Male) |
| 3:52 | Create | Villager (Male) |
| 3:52 | Create | Villager (Male) |
| 4:18 | Build | Lumber Camp |
| 4:20 | Create | Villager (Male) |
| 4:20 | Create | Villager (Male) |
| 4:55 | Create | Villager (Male) |
| 4:55 | Create | Villager (Male) |
| 4:56 | Create | Villager (Male) |
| 5:18 | Create | Villager (Male) |
| 5:18 | Create | Villager (Male) |
| 5:24 | Build | House |
| 5:40 | Create | Villager (Male) |
| 6:09 | Create | Villager (Male) |
| 6:13 | Build | House |
| 6:42 | Create | Villager (Male) |
| 6:43 | Create | Villager (Male) |
| 6:43 | Create | Villager (Male) |
| 6:47 | Create | Villager (Male) |
| 7:19 | Build | Farm |
| 7:23 | Build | Farm |
| 8:04 | Create | Villager (Male) |
| 8:04 | Create | Villager (Male) |
| 8:47 | Build | Mining Camp |
| 9:04 | Research | Feudal Age |
| 9:42 | Build | Farm |
| 9:47 | Build | Farm |
| 10:05 | Build | Farm |
| 10:53 | Build | Farm |
| 11:40 | Age | Feudal Age |
| 11:42 | Create | Villager (Male) |
| 11:43 | Create | Villager (Male) |
| 11:44 | Create | Villager (Male) |
| 11:56 | Build | Market |
| 12:02 | Build | Blacksmith |
| 12:21 | Create | Villager (Male) |
| 13:03 | Create | Villager (Male) |
| 13:06 | Build | Mining Camp |
| 13:12 | Research | Castle Age |
| 13:44 | Build | Barracks |
| 13:51 | Research | Forging |
| 14:10 | Build | House |
| 14:11 | Build | House |
| 15:17 | Build | Stable |
| 15:30 | Build | Farm |
| 15:42 | Build | Farm |
| 16:05 | Research | Scale Barding Armor |
| 16:16 | Research | Bloodlines |
| 16:22 | Create | Villager (Male) |
| 16:22 | Create | Villager (Male) |
| 16:23 | Create | Villager (Male) |
| 16:23 | Create | Villager (Male) |
| 16:27 | Age | Castle Age |
| 16:35 | Create | Camel Scout |
| 16:35 | Create | Camel Scout |
| 16:36 | Create | Camel Scout |
| 16:36 | Create | Camel Scout |
| 17:16 | Build | Farm |
| 17:19 | Build | Farm |
| 17:25 | Build | Farm |
| 17:32 | Build | Farm |
| 17:38 | Create | Villager (Male) |
| 17:58 | Build | Farm |
| 18:04 | Build | Farm |
| 18:09 | Build | Farm |
| 18:11 | Create | Villager (Male) |
| 18:12 | Create | Villager (Male) |
| 18:49 | Build | Farm |
| 18:51 | Create | Villager (Male) |
| 19:49 | Create | Villager (Male) |
| 19:50 | Create | Villager (Male) |
| 19:57 | Build | House |
| 19:58 | Build | House |
| 20:06 | Build | Castle |
| 20:19 | Build | Farm |
| 20:21 | Research | Iron Casting |
| 20:23 | Research | Chain Barding Armor |
| 20:26 | Create | Camel Scout |
| 20:26 | Create | Camel Scout |
| 20:26 | Create | Camel Scout |
| 20:45 | Create | Villager (Male) |
| 20:46 | Create | Villager (Male) |
| 21:01 | Create | Villager (Male) |
| 21:16 | Build | Farm |
| 21:20 | Build | Farm |
| 21:25 | Build | Farm |
| 22:13 | Create | Villager (Male) |
| 22:13 | Create | Villager (Male) |
| 22:14 | Create | Villager (Male) |
| 22:14 | Create | Villager (Male) |
| 22:33 | Research | Double-Bit Axe |
| 22:37 | Research | Horse Collar |
| 22:41 | Create | Villager (Male) |
| 22:45 | Create | Chakram Thrower |
| 22:45 | Create | Chakram Thrower |
| 22:46 | Create | Chakram Thrower |
| 22:53 | Create | Chakram Thrower |
| 22:53 | Create | Chakram Thrower |
| 23:09 | Build | Farm |
| 23:11 | Create | Chakram Thrower |
| 23:12 | Create | Chakram Thrower |
| 23:12 | Create | Chakram Thrower |
| 23:29 | Create | Villager (Male) |
| 23:37 | Build | Town Center |
| 23:48 | Create | Villager (Male) |
| 23:48 | Create | Villager (Male) |
| 23:52 | Create | Chakram Thrower |
| 23:55 | Create | Camel Scout |
| 23:55 | Create | Camel Scout |
| 24:13 | Research | Arson |
| 24:40 | Create | Chakram Thrower |
| 24:41 | Create | Chakram Thrower |
| 24:41 | Create | Chakram Thrower |
| 24:45 | Create | Camel Scout |
| 24:45 | Create | Camel Scout |
| 24:59 | Create | Chakram Thrower |
| 24:59 | Create | Chakram Thrower |
| 25:01 | Create | Camel Scout |
| 25:01 | Create | Camel Scout |
| 25:14 | Create | Villager (Male) |
| 25:20 | Build | Farm |
| 25:21 | Build | Farm |
| 25:24 | Create | Villager (Male) |
| 25:24 | Create | Villager (Male) |
| 25:30 | Build | Farm |
| 25:33 | Build | Farm |
| 25:35 | Create | Villager (Male) |
| 25:38 | Create | Villager (Male) |
| 26:36 | Create | Chakram Thrower |
| 26:36 | Create | Chakram Thrower |
| 26:36 | Create | Chakram Thrower |
| 26:37 | Create | Chakram Thrower |
| 26:38 | Create | Camel Scout |
Build order — Qoo
First 150 of 256 actions detected
| 0:01 | Create | Villager (Male) |
| 0:02 | Research | Loom |
| 0:02 | Create | Villager (Male) |
| 0:17 | Build | House |
| 0:18 | Build | House |
| 0:18 | Build | House |
| 0:19 | Build | House |
| 0:28 | Create | Villager (Male) |
| 0:28 | Create | Villager (Male) |
| 0:28 | Create | Villager (Male) |
| 1:20 | Create | Villager (Male) |
| 2:32 | Create | Villager (Male) |
| 2:32 | Create | Villager (Male) |
| 2:32 | Create | Villager (Male) |
| 2:59 | Build | Lumber Camp |
| 3:22 | Create | Villager (Male) |
| 3:45 | Create | Villager (Male) |
| 3:46 | Create | Villager (Male) |
| 3:46 | Create | Villager (Male) |
| 4:34 | Create | Villager (Male) |
| 4:34 | Create | Villager (Male) |
| 4:34 | Create | Villager (Male) |
| 4:34 | Create | Villager (Male) |
| 5:41 | Build | Mill |
| 5:59 | Create | Villager (Male) |
| 5:59 | Create | Villager (Male) |
| 5:59 | Create | Villager (Male) |
| 5:59 | Create | Villager (Male) |
| 6:22 | Create | Villager (Male) |
| 7:13 | Create | Villager (Male) |
| 7:13 | Create | Villager (Male) |
| 7:14 | Create | Villager (Male) |
| 8:09 | Build | Mining Camp |
| 8:50 | Research | Feudal Age |
| 9:11 | Build | House |
| 9:25 | Build | Barracks |
| 9:35 | Build | House |
| 10:13 | Create | Villager (Male) |
| 10:13 | Create | Villager (Male) |
| 11:04 | Age | Feudal Age |
| 11:23 | Build | Blacksmith |
| 11:39 | Create | Villager (Male) |
| 11:59 | Build | Market |
| 12:22 | Create | Villager (Male) |
| 12:28 | Build | Farm |
| 12:29 | Build | Farm |
| 12:44 | Build | Farm |
| 12:59 | Build | House |
| 13:09 | Build | Farm |
| 13:09 | Build | Farm |
| 13:19 | Create | Villager (Male) |
| 13:43 | Research | Castle Age |
| 13:48 | Build | Farm |
| 14:08 | Research | Double-Bit Axe |
| 14:27 | Research | Horse Collar |
| 15:18 | Create | Villager (Male) |
| 15:18 | Create | Villager (Male) |
| 16:24 | Age | Castle Age |
| 16:28 | Build | Town Center |
| 16:39 | Build | Town Center |
| 16:59 | Create | Villager (Male) |
| 17:08 | Build | Monastery |
| 17:16 | Create | Villager (Male) |
| 17:19 | Build | Farm |
| 17:28 | Create | Villager (Male) |
| 17:28 | Create | Villager (Male) |
| 17:42 | Create | Villager (Male) |
| 17:45 | Build | Farm |
| 17:46 | Build | Farm |
| 17:53 | Create | Villager (Male) |
| 18:04 | Build | Farm |
| 18:05 | Build | Farm |
| 18:06 | Create | Villager (Male) |
| 18:07 | Create | Villager (Male) |
| 18:08 | Create | Monk |
| 18:28 | Create | Villager (Male) |
| 18:39 | Build | Siege Workshop |
| 18:56 | Build | Blacksmith |
| 19:12 | Build | Farm |
| 19:13 | Build | Farm |
| 19:16 | Create | Villager (Male) |
| 19:17 | Create | Villager (Male) |
| 19:26 | Create | Villager (Male) |
| 19:45 | Create | Mangonel |
| 19:55 | Build | House |
| 19:57 | Build | House |
| 20:08 | Create | Villager (Male) |
| 20:10 | Create | Villager (Male) |
| 20:19 | Create | Villager (Male) |
| 20:29 | Create | Villager (Male) |
| 20:43 | Build | House |
| 20:44 | Build | House |
| 20:47 | Create | Mangonel |
| 21:04 | Build | Barracks |
| 21:17 | Create | Mangonel |
| 21:29 | Create | Villager (Male) |
| 21:34 | Build | Farm |
| 21:50 | Build | Barracks |
| 21:56 | Build | Barracks |
| 21:59 | Create | Villager (Male) |
| 21:59 | Create | Villager (Male) |
| 22:01 | Create | Villager (Male) |
| 22:23 | Build | Barracks |
| 22:47 | Create | Villager (Male) |
| 22:49 | Create | Villager (Male) |
| 22:53 | Build | Farm |
| 22:55 | Build | Farm |
| 22:56 | Build | Farm |
| 22:57 | Build | Farm |
| 22:58 | Create | Villager (Male) |
| 22:58 | Create | Villager (Male) |
| 22:59 | Create | Villager (Male) |
| 23:02 | Create | Villager (Male) |
| 23:14 | Create | Mangonel |
| 23:39 | Build | Siege Workshop |
| 23:49 | Create | Villager (Male) |
| 23:50 | Create | Villager (Male) |
| 24:02 | Build | House |
| 24:03 | Build | House |
| 24:04 | Build | House |
| 24:38 | Build | House |
| 24:53 | Build | Castle |
| 25:19 | Build | House |
| 25:36 | Create | Mangonel |
| 25:37 | Create | Mangonel |
| 25:55 | Build | Blacksmith |
| 25:59 | Build | House |
| 25:59 | Build | House |
| 26:20 | Create | Villager (Male) |
| 26:22 | Build | Farm |
| 26:25 | Create | Huskarl |
| 26:26 | Create | Huskarl |
| 26:26 | Create | Huskarl |
| 26:36 | Build | Farm |
| 26:37 | Build | Farm |
| 26:37 | Build | Farm |
| 26:38 | Build | Farm |
| 26:40 | Create | Villager (Male) |
| 26:40 | Create | Villager (Male) |
| 26:42 | Create | Villager (Male) |
| 26:42 | Create | Villager (Male) |
| 26:44 | Create | Villager (Male) |
| 26:45 | Create | Villager (Male) |
| 26:53 | Research | Fletching |
| 27:03 | Build | House |
| 27:04 | Build | House |
| 27:05 | Build | House |
| 27:11 | Create | Villager (Male) |
| 27:11 | Create | Villager (Male) |
| 27:17 | Build | Farm |
Build order — TUPI2
First 150 of 420 actions detected
| 0:06 | Build | House |
| 0:08 | Build | House |
| 0:10 | Create | Villager (Male) |
| 0:10 | Create | Villager (Male) |
| 0:11 | Create | Villager (Male) |
| 0:11 | Create | Villager (Male) |
| 1:38 | Create | Villager (Male) |
| 1:55 | Build | Lumber Camp |
| 2:14 | Create | Villager (Male) |
| 2:28 | Create | Villager (Male) |
| 3:05 | Create | Villager (Male) |
| 3:30 | Create | Villager (Male) |
| 3:54 | Create | Villager (Male) |
| 3:58 | Build | House |
| 4:21 | Create | Villager (Male) |
| 4:27 | Build | House |
| 4:47 | Create | Villager (Male) |
| 4:51 | Build | Mill |
| 4:59 | Build | House |
| 5:13 | Create | Villager (Male) |
| 5:29 | Build | House |
| 5:39 | Create | Villager (Male) |
| 6:02 | Create | Villager (Male) |
| 6:08 | Build | Lumber Camp |
| 6:28 | Create | Villager (Male) |
| 6:55 | Create | Villager (Male) |
| 7:21 | Create | Villager (Male) |
| 7:46 | Create | Villager (Male) |
| 8:03 | Create | Villager (Male) |
| 8:16 | Build | Mining Camp |
| 8:37 | Create | Villager (Male) |
| 9:02 | Create | Villager (Male) |
| 9:08 | Build | Mining Camp |
| 9:28 | Create | Villager (Male) |
| 9:53 | Create | Villager (Male) |
| 10:21 | Research | Feudal Age |
| 12:11 | Create | Villager (Male) |
| 12:11 | Create | Villager (Male) |
| 12:31 | Age | Feudal Age |
| 12:44 | Build | Blacksmith |
| 12:47 | Build | Market |
| 13:21 | Research | Loom |
| 13:53 | Create | Villager (Male) |
| 14:32 | Build | Farm |
| 14:34 | Build | Farm |
| 14:44 | Build | Farm |
| 14:46 | Build | Farm |
| 14:50 | Build | Farm |
| 14:52 | Build | Farm |
| 14:56 | Create | Villager (Male) |
| 15:23 | Build | Farm |
| 15:34 | Research | Castle Age |
| 16:33 | Research | Double-Bit Axe |
| 17:00 | Create | Villager (Male) |
| 18:14 | Age | Castle Age |
| 18:18 | Build | Town Center |
| 18:34 | Build | Castle |
| 18:51 | Build | Farm |
| 18:52 | Create | Villager (Male) |
| 19:17 | Research | Fletching |
| 19:20 | Build | Farm |
| 19:21 | Create | Villager (Male) |
| 19:39 | Build | Siege Workshop |
| 19:42 | Create | Petard |
| 19:50 | Build | Siege Workshop |
| 19:51 | Create | Villager (Male) |
| 19:53 | Research | Gold Mining |
| 20:03 | Create | Villager (Male) |
| 20:16 | Build | Mining Camp |
| 20:17 | Create | Mangonel |
| 20:19 | Create | Mangonel |
| 20:22 | Create | Petard |
| 20:32 | Build | Farm |
| 20:36 | Create | Villager (Male) |
| 20:49 | Create | Rattan Archer |
| 21:01 | Create | Villager (Male) |
| 21:04 | Build | Farm |
| 21:16 | Create | Villager (Male) |
| 21:17 | Create | Mangonel |
| 21:44 | Create | Battering Ram |
| 21:50 | Build | Farm |
| 21:51 | Create | Villager (Male) |
| 21:55 | Build | Farm |
| 21:57 | Create | Villager (Male) |
| 22:14 | Create | Rattan Archer |
| 22:20 | Create | Villager (Male) |
| 22:23 | Create | Villager (Male) |
| 22:31 | Create | Rattan Archer |
| 22:52 | Create | Rattan Archer |
| 22:55 | Create | Villager (Male) |
| 22:58 | Create | Villager (Male) |
| 23:32 | Build | Castle |
| 23:46 | Create | Mangonel |
| 23:50 | Create | Villager (Male) |
| 23:51 | Create | Villager (Male) |
| 24:24 | Create | Rattan Archer |
| 24:39 | Create | Villager (Male) |
| 24:43 | Create | Villager (Male) |
| 24:47 | Research | Bodkin Arrow |
| 24:53 | Create | Rattan Archer |
| 25:39 | Create | Mangonel |
| 25:43 | Create | Villager (Male) |
| 25:45 | Create | Villager (Male) |
| 25:48 | Create | Villager (Male) |
| 25:49 | Create | Villager (Male) |
| 26:05 | Create | Rattan Archer |
| 26:06 | Create | Rattan Archer |
| 26:36 | Create | Rattan Archer |
| 26:37 | Create | Rattan Archer |
| 27:01 | Research | Wheelbarrow |
| 27:03 | Create | Villager (Male) |
| 27:26 | Build | University |
| 27:53 | Build | Farm |
| 27:54 | Create | Villager (Male) |
| 27:56 | Create | Villager (Male) |
| 29:18 | Build | Farm |
| 29:21 | Build | Farm |
| 29:33 | Build | Castle |
| 29:53 | Research | Imperial Age |
| 30:30 | Create | Villager (Male) |
| 30:37 | Create | Rattan Archer |
| 30:38 | Create | Rattan Archer |
| 30:49 | Build | Mining Camp |
| 30:57 | Research | Ballistics |
| 31:23 | Create | Villager (Male) |
| 31:24 | Create | Villager (Male) |
| 31:30 | Build | Town Center |
| 32:34 | Create | Rattan Archer |
| 32:35 | Create | Rattan Archer |
| 32:36 | Create | Rattan Archer |
| 32:41 | Create | Villager (Male) |
| 32:41 | Create | Villager (Male) |
| 32:45 | Research | Padded Archer Armor |
| 33:03 | Age | Imperial Age |
| 33:04 | Create | Rattan Archer |
| 33:05 | Create | Rattan Archer |
| 33:07 | Create | Trebuchet (Packed) |
| 33:09 | Create | Trebuchet (Packed) |
| 33:11 | Create | Trebuchet (Packed) |
| 33:42 | Research | Bracer |
| 33:44 | Create | Villager (Male) |
| 33:45 | Create | Villager (Male) |
| 33:48 | Create | Villager (Male) |
| 33:49 | Create | Villager (Male) |
| 33:52 | Research | Bow Saw |
| 33:57 | Create | Rattan Archer |
| 33:58 | Create | Rattan Archer |
| 33:59 | Create | Rattan Archer |
| 34:09 | Research | Chemistry |
| 34:35 | Create | Villager (Male) |
Build order — MorikawaKouichi
First 150 of 378 actions detected
| 0:05 | Create | Villager (Male) |
| 0:05 | Create | Villager (Male) |
| 0:05 | Create | Villager (Male) |
| 0:09 | Build | House |
| 0:10 | Build | House |
| 0:13 | Create | Villager (Male) |
| 1:25 | Create | Villager (Male) |
| 1:41 | Build | House |
| 2:09 | Create | Villager (Male) |
| 2:32 | Build | House |
| 3:07 | Create | Villager (Male) |
| 3:08 | Create | Villager (Male) |
| 3:49 | Build | Mill |
| 3:54 | Create | Villager (Male) |
| 3:54 | Create | Villager (Male) |
| 3:57 | Create | Villager (Male) |
| 3:59 | Create | Villager (Male) |
| 5:13 | Create | Villager (Male) |
| 5:13 | Create | Villager (Male) |
| 5:14 | Create | Villager (Male) |
| 5:40 | Create | Villager (Male) |
| 6:25 | Create | Villager (Male) |
| 6:34 | Create | Villager (Male) |
| 7:03 | Create | Villager (Male) |
| 7:30 | Build | Lumber Camp |
| 7:37 | Create | Villager (Male) |
| 7:48 | Build | Farm |
| 7:55 | Build | Farm |
| 8:02 | Build | Farm |
| 8:33 | Create | Villager (Male) |
| 8:57 | Research | Feudal Age |
| 9:47 | Build | House |
| 10:37 | Create | Villager (Male) |
| 10:37 | Create | Villager (Male) |
| 11:08 | Age | Feudal Age |
| 11:26 | Build | Blacksmith |
| 11:30 | Build | Market |
| 12:00 | Create | Villager (Male) |
| 12:00 | Create | Villager (Male) |
| 12:54 | Research | Castle Age |
| 13:38 | Build | Mining Camp |
| 14:08 | Create | Villager (Male) |
| 14:08 | Create | Villager (Male) |
| 14:20 | Build | House |
| 14:28 | Research | Double-Bit Axe |
| 15:08 | Build | House |
| 15:18 | Build | Farm |
| 15:18 | Build | Farm |
| 15:34 | Age | Castle Age |
| 15:48 | Build | Siege Workshop |
| 16:16 | Create | Villager (Male) |
| 16:16 | Create | Villager (Male) |
| 16:51 | Build | Castle |
| 17:09 | Create | Villager (Male) |
| 17:24 | Create | Battering Ram ×2 |
| 18:13 | Build | House |
| 18:20 | Build | House |
| 18:30 | Build | Palisade Wall |
| 18:31 | Build | Palisade Gate |
| 18:40 | Build | Palisade Wall |
| 18:50 | Build | Palisade Wall |
| 18:54 | Build | Palisade Wall |
| 18:57 | Create | Villager (Male) |
| 18:57 | Create | Villager (Male) |
| 18:57 | Create | Villager (Male) |
| 19:05 | Build | Palisade Wall |
| 19:08 | Build | Palisade Wall |
| 19:11 | Build | Palisade Wall |
| 19:13 | Build | Palisade Wall |
| 19:16 | Build | Palisade Wall |
| 19:54 | Create | Battering Ram |
| 20:11 | Create | Villager (Male) |
| 20:11 | Create | Villager (Male) |
| 20:31 | Build | Town Center |
| 21:11 | Build | Farm |
| 21:11 | Build | Farm |
| 21:12 | Build | Farm |
| 21:12 | Build | Farm |
| 21:12 | Build | Farm |
| 21:12 | Build | Farm |
| 21:22 | Create | Battering Ram |
| 21:22 | Create | Battering Ram |
| 21:24 | Create | Villager (Male) |
| 22:04 | Create | Villager (Male) |
| 22:06 | Research | Loom |
| 22:24 | Build | Farm |
| 22:25 | Build | Farm |
| 22:29 | Create | Villager (Male) |
| 22:49 | Create | Villager (Male) |
| 22:49 | Create | Villager (Male) |
| 23:02 | Build | Farm |
| 23:02 | Build | Farm |
| 23:02 | Build | Farm |
| 23:03 | Build | Farm |
| 23:03 | Build | Farm |
| 23:17 | Create | Villager (Male) |
| 23:18 | Create | Villager (Male) |
| 23:42 | Create | Villager (Male) |
| 23:42 | Create | Villager (Male) |
| 23:42 | Create | Villager (Male) |
| 23:59 | Create | Villager (Male) |
| 23:59 | Create | Villager (Male) |
| 24:11 | Create | Villager (Male) |
| 24:15 | Create | Villager (Male) |
| 24:17 | Create | Villager (Male) |
| 24:17 | Create | Villager (Male) |
| 24:18 | Create | Villager (Male) |
| 24:18 | Create | Villager (Male) |
| 24:31 | Create | Villager (Male) |
| 24:39 | Create | Villager (Male) |
| 24:49 | Build | Farm |
| 24:51 | Create | Villager (Male) |
| 25:08 | Create | Villager (Male) |
| 25:08 | Create | Villager (Male) |
| 25:12 | Create | Villager (Male) |
| 25:12 | Create | Villager (Male) |
| 25:12 | Create | Villager (Male) |
| 25:52 | Research | Wheelbarrow |
| 26:04 | Create | Teutonic Knight |
| 26:24 | Create | Villager (Male) |
| 26:25 | Create | Villager (Male) |
| 26:25 | Create | Villager (Male) |
| 26:34 | Create | Villager (Male) |
| 26:34 | Create | Villager (Male) |
| 26:56 | Build | Castle |
| 27:00 | Create | Villager (Male) |
| 27:00 | Create | Villager (Male) |
| 27:04 | Build | Farm |
| 27:05 | Build | Farm |
| 27:05 | Build | Farm |
| 27:06 | Build | Farm |
| 27:06 | Build | Farm |
| 27:06 | Build | Farm |
| 27:06 | Build | Farm |
| 27:06 | Build | Farm |
| 27:06 | Build | Farm |
| 27:07 | Build | Farm |
| 27:07 | Build | Farm |
| 27:07 | Build | Farm |
| 27:07 | Build | Farm |
| 27:28 | Create | Villager (Male) |
| 27:28 | Create | Villager (Male) |
| 27:42 | Build | Barracks |
| 27:48 | Build | University |
| 27:56 | Research | Fletching |
| 27:57 | Research | Fletching |
| 27:58 | Create | Villager (Male) |
| 27:58 | Create | Villager (Male) |
| 27:58 | Create | Villager (Male) |
| 28:18 | Create | Villager (Male) |
Build order — volraththefallen
First 150 of 468 actions detected
| 0:01 | Create | Villager (Male) |
| 0:01 | Create | Villager (Male) |
| 0:01 | Create | Villager (Male) |
| 0:03 | Build | House |
| 0:04 | Build | House |
| 0:18 | Create | Villager (Male) |
| 1:36 | Create | Villager (Male) |
| 1:36 | Create | Villager (Male) |
| 1:46 | Build | Lumber Camp |
| 2:02 | Create | Villager (Male) |
| 2:02 | Create | Villager (Male) |
| 2:23 | Create | Villager (Male) |
| 2:23 | Create | Villager (Male) |
| 2:52 | Create | Villager (Male) |
| 2:53 | Create | Villager (Male) |
| 2:53 | Create | Villager (Male) |
| 3:10 | Create | Villager (Male) |
| 3:45 | Create | Villager (Male) |
| 4:13 | Build | House |
| 4:19 | Create | Villager (Male) |
| 4:19 | Create | Villager (Male) |
| 4:20 | Create | Villager (Male) |
| 4:20 | Create | Villager (Male) |
| 4:21 | Build | Mill |
| 5:04 | Create | Villager (Male) |
| 5:04 | Create | Villager (Male) |
| 5:11 | Create | Villager (Male) |
| 5:12 | Create | Villager (Male) |
| 5:55 | Create | Villager (Male) |
| 5:58 | Build | Farm |
| 6:01 | Build | Farm |
| 6:07 | Build | House |
| 6:09 | Build | House |
| 6:52 | Create | Villager (Male) |
| 6:53 | Create | Villager (Male) |
| 6:54 | Create | Villager (Male) |
| 7:21 | Build | Mining Camp |
| 7:33 | Build | Farm |
| 7:56 | Create | Villager (Male) |
| 8:00 | Create | Villager (Male) |
| 8:01 | Create | Villager (Male) |
| 8:02 | Create | Villager (Male) |
| 8:45 | Build | Mill |
| 9:15 | Build | Farm |
| 9:18 | Research | Feudal Age |
| 10:00 | Create | Villager (Male) |
| 10:00 | Create | Villager (Male) |
| 11:46 | Age | Feudal Age |
| 11:53 | Build | Market |
| 11:56 | Build | Blacksmith |
| 12:37 | Research | Loom |
| 12:51 | Research | Castle Age |
| 13:29 | Create | Villager (Male) |
| 13:30 | Create | Villager (Male) |
| 13:39 | Build | Barracks |
| 13:54 | Build | Farm |
| 14:01 | Build | Farm |
| 14:14 | Build | House |
| 14:19 | Build | House |
| 14:39 | Build | Farm |
| 14:46 | Create | Villager (Male) |
| 14:51 | Research | Wheelbarrow |
| 15:16 | Create | Spearman |
| 15:42 | Age | Castle Age |
| 15:48 | Create | Spearman |
| 15:53 | Create | Villager (Male) |
| 16:05 | Build | Castle |
| 16:08 | Create | Villager (Male) |
| 16:11 | Build | Farm |
| 16:38 | Build | Farm |
| 16:38 | Build | Farm |
| 16:38 | Build | Farm |
| 16:38 | Build | Farm |
| 16:39 | Build | Farm |
| 16:39 | Build | Farm |
| 16:39 | Build | Farm |
| 16:39 | Build | Farm |
| 16:39 | Build | Farm |
| 16:40 | Build | Farm |
| 18:20 | Research | Hand Cart |
| 20:03 | Build | Siege Workshop |
| 20:05 | Create | Villager (Male) |
| 20:15 | Create | Villager (Male) |
| 20:38 | Create | Mangonel |
| 20:52 | Build | Lumber Camp |
| 20:53 | Create | Villager (Male) |
| 21:47 | Create | Villager (Male) |
| 21:47 | Create | Villager (Male) |
| 21:59 | Build | Town Center |
| 22:07 | Research | Horse Collar |
| 22:19 | Create | Villager (Male) |
| 22:39 | Build | Farm |
| 22:39 | Build | Farm |
| 22:43 | Create | Villager (Male) |
| 22:43 | Create | Villager (Male) |
| 22:44 | Create | Villager (Male) |
| 22:53 | Research | Double-Bit Axe |
| 23:13 | Create | Villager (Male) |
| 23:13 | Create | Villager (Male) |
| 23:16 | Create | Villager (Male) |
| 23:16 | Create | Villager (Male) |
| 23:16 | Create | Villager (Male) |
| 23:20 | Build | Farm |
| 23:21 | Build | Farm |
| 23:22 | Build | Farm |
| 23:24 | Create | Villager (Male) |
| 23:26 | Create | Villager (Male) |
| 23:33 | Build | Farm |
| 23:45 | Build | Farm |
| 23:55 | Research | Bow Saw |
| 23:55 | Research | Bow Saw |
| 23:55 | Research | Bow Saw |
| 24:24 | Build | Farm |
| 24:26 | Build | Farm |
| 24:30 | Build | Farm |
| 24:31 | Create | Villager (Male) |
| 24:34 | Create | Villager (Male) |
| 24:34 | Create | Villager (Male) |
| 24:35 | Create | Villager (Male) |
| 24:39 | Build | Farm |
| 24:48 | Build | Farm |
| 24:48 | Build | Farm |
| 24:55 | Build | Farm |
| 24:55 | Build | Farm |
| 25:00 | Build | House |
| 25:07 | Create | Villager (Male) |
| 25:07 | Create | Villager (Male) |
| 25:08 | Create | Villager (Male) |
| 25:11 | Build | Farm |
| 25:33 | Build | Mining Camp |
| 25:41 | Create | Villager (Male) |
| 25:42 | Create | Villager (Male) |
| 25:42 | Create | Villager (Male) |
| 25:42 | Create | Villager (Male) |
| 25:42 | Create | Villager (Male) |
| 25:43 | Create | Villager (Male) |
| 25:50 | Research | Heavy Plow |
| 25:50 | Research | Heavy Plow |
| 25:56 | Build | House |
| 25:57 | Create | Villager (Male) |
| 25:57 | Create | Villager (Male) |
| 25:58 | Create | Villager (Male) |
| 26:35 | Build | Farm |
| 26:35 | Build | Farm |
| 26:35 | Build | Farm |
| 26:39 | Build | Farm |
| 26:40 | Create | Villager (Male) |
| 26:41 | Create | Villager (Male) |
| 26:41 | Create | Villager (Male) |
| 26:46 | Build | Farm |
Build order — 藍朽
First 150 of 767 actions detected
| 0:09 | Create | Villager (Male) |
| 0:09 | Research | Loom |
| 0:13 | Build | House |
| 0:16 | Build | House |
| 0:21 | Create | Villager (Male) |
| 0:22 | Create | Villager (Male) |
| 0:22 | Create | Villager (Male) |
| 0:22 | Create | Villager (Male) |
| 0:36 | Build | House |
| 0:44 | Build | House |
| 1:44 | Create | Villager (Male) |
| 2:15 | Create | Villager (Male) |
| 2:25 | Create | Villager (Male) |
| 3:11 | Create | Villager (Male) |
| 3:11 | Create | Villager (Male) |
| 3:16 | Build | Lumber Camp |
| 3:20 | Create | Villager (Male) |
| 3:20 | Create | Villager (Male) |
| 3:50 | Create | Villager (Male) |
| 3:51 | Create | Villager (Male) |
| 4:16 | Create | Villager (Male) |
| 4:36 | Create | Villager (Male) |
| 4:56 | Create | Villager (Male) |
| 5:10 | Create | Villager (Male) |
| 5:45 | Create | Villager (Male) |
| 5:55 | Build | Mill |
| 6:00 | Create | Villager (Male) |
| 6:11 | Build | Mill |
| 6:38 | Create | Villager (Male) |
| 6:59 | Create | Villager (Male) |
| 7:40 | Create | Villager (Male) |
| 7:43 | Create | Villager (Male) |
| 8:26 | Create | Villager (Male) |
| 8:27 | Create | Villager (Male) |
| 8:32 | Create | Villager (Male) |
| 8:58 | Build | Mill |
| 9:02 | Create | Villager (Male) |
| 9:07 | Build | House |
| 9:38 | Build | House |
| 9:40 | Build | House |
| 9:42 | Research | Feudal Age |
| 9:58 | Build | Mining Camp |
| 10:03 | Build | House |
| 10:11 | Build | House |
| 10:15 | Build | Palisade Wall |
| 10:37 | Create | Villager (Male) |
| 10:40 | Build | Lumber Camp |
| 10:42 | Create | Villager (Male) |
| 11:08 | Create | Villager (Male) |
| 11:18 | Create | Villager (Male) |
| 11:41 | Build | Barracks |
| 11:54 | Age | Feudal Age |
| 11:58 | Create | Villager (Male) |
| 12:06 | Build | House |
| 12:07 | Build | House |
| 12:13 | Build | Palisade Wall |
| 12:16 | Build | Palisade Gate |
| 12:27 | Build | House |
| 12:31 | Build | House |
| 12:32 | Build | House |
| 12:37 | Build | Palisade Wall |
| 12:47 | Build | Farm |
| 12:48 | Build | Farm |
| 12:52 | Build | Farm |
| 12:54 | Build | Farm |
| 13:21 | Create | Villager (Male) |
| 13:51 | Build | Blacksmith |
| 14:04 | Build | Blacksmith |
| 14:09 | Create | Villager (Male) |
| 14:12 | Build | Farm |
| 14:13 | Build | Farm |
| 14:21 | Create | Villager (Male) |
| 14:49 | Build | Market |
| 14:52 | Create | Villager (Male) |
| 15:15 | Build | Mining Camp |
| 15:37 | Research | Castle Age |
| 15:52 | Create | Militia |
| 15:53 | Create | Militia |
| 15:54 | Research | Man-at-Arms (upgrade) |
| 15:58 | Research | Double-Bit Axe |
| 16:05 | Research | Horse Collar |
| 16:24 | Build | Farm |
| 16:59 | Build | Outpost |
| 17:02 | Create | Villager (Male) |
| 17:13 | Build | Farm |
| 17:14 | Build | Farm |
| 17:15 | Build | Farm |
| 17:29 | Build | Lumber Camp |
| 17:37 | Create | Villager (Male) |
| 17:41 | Build | Farm |
| 18:19 | Age | Castle Age |
| 18:24 | Create | Villager (Male) |
| 18:27 | Build | Farm |
| 18:28 | Build | Farm |
| 18:29 | Build | Farm |
| 18:31 | Create | Villager (Male) |
| 18:57 | Build | Siege Workshop |
| 19:23 | Create | Villager (Male) |
| 19:29 | Research | Heavy Plow |
| 19:34 | Research | Bow Saw |
| 19:52 | Build | Castle |
| 19:57 | Create | Villager (Male) |
| 20:05 | Build | Farm |
| 20:15 | Create | Villager (Male) |
| 20:37 | Create | Mangonel |
| 20:58 | Build | Barracks |
| 21:04 | Create | Villager (Male) |
| 21:05 | Create | Villager (Male) |
| 21:08 | Create | Huskarl |
| 21:08 | Create | Huskarl |
| 21:18 | Build | Farm |
| 21:20 | Build | Farm |
| 21:50 | Create | Scorpion |
| 22:02 | Build | Monastery |
| 22:05 | Create | Spearman |
| 22:06 | Create | Spearman |
| 22:08 | Create | Villager (Male) |
| 22:08 | Create | Villager (Male) |
| 22:10 | Build | Farm |
| 22:11 | Build | Farm |
| 22:13 | Create | Villager (Male) |
| 22:20 | Create | Scorpion |
| 22:29 | Create | Villager (Male) |
| 22:41 | Build | Monastery |
| 22:51 | Create | Monk |
| 23:02 | Create | Villager (Male) |
| 23:12 | Create | Monk |
| 23:22 | Create | Villager (Male) |
| 23:45 | Create | Battering Ram |
| 23:52 | Create | Villager (Male) |
| 23:55 | Build | Farm |
| 23:57 | Build | Farm |
| 24:02 | Build | Farm |
| 24:03 | Build | Farm |
| 24:07 | Create | Villager (Male) |
| 24:22 | Build | Farm |
| 24:23 | Build | Farm |
| 24:25 | Build | Farm |
| 24:26 | Build | Farm |
| 24:28 | Build | Farm |
| 24:34 | Create | Villager (Male) |
| 24:45 | Build | Town Center |
| 24:47 | Create | Villager (Male) |
| 24:48 | Create | Villager (Male) |
| 25:26 | Create | Villager (Male) |
| 25:28 | Create | Villager (Male) |
| 25:29 | Create | Villager (Male) |
| 25:29 | Create | Villager (Male) |
| 25:29 | Create | Villager (Male) |
| 25:30 | Create | Villager (Male) |
Match timeline
| 9:25 | Qoo · first_building Barracks |
| 10:15 | 藍朽 · wall_segment Palisade Wall x1 |
| 10:41 | Grey · age_up feudal |
| 11:04 | Qoo · age_up feudal |
| 11:08 | MorikawaKouichi · age_up feudal |
| 11:40 | Kroxa · age_up feudal |
| 11:41 | 藍朽 · first_building Barracks |
| 11:46 | volraththefallen · age_up feudal |
| 11:47 | Lil' Bị · age_up feudal |
| 11:54 | 藍朽 · age_up feudal |
| 12:11 | Grey · first_market_sell 100 wood |
| 12:13 | Grey · first_market_buy 100 food |
| 12:13 | 藍朽 · wall_segment Palisade Wall x4 |
| 12:31 | TUPI2 · age_up feudal |
| 12:37 | 藍朽 · wall_segment Palisade Wall x1 |
| 12:46 | volraththefallen · first_market_sell 100 food |
| 13:39 | volraththefallen · first_building Barracks |
| 13:44 | Kroxa · first_building Barracks |
| 15:01 | Grey · age_up castle |
| 15:17 | Kroxa · first_building Stable |
| 15:34 | MorikawaKouichi · age_up castle |
| 15:42 | volraththefallen · age_up castle |
| 15:42 | Grey · first_building Monastery |
| 15:48 | MorikawaKouichi · first_building Siege Workshop |
| 16:05 | volraththefallen · first_building Castle |
| 16:17 | Lil' Bị · first_building Barracks |
| 16:24 | Qoo · age_up castle |
| 16:27 | Kroxa · age_up castle |
| 16:51 | MorikawaKouichi · first_building Castle |
| 17:08 | Qoo · first_building Monastery |
| 18:13 | Lil' Bị · age_up castle |
| 18:14 | TUPI2 · age_up castle |
| 18:19 | 藍朽 · age_up castle |
| 18:30 | MorikawaKouichi · wall_segment Palisade Wall x1 |
| 18:34 | TUPI2 · first_building Castle |
| 18:38 | Lil' Bị · first_building Archery Range |
| 18:39 | Qoo · first_building Siege Workshop |
| 18:40 | MorikawaKouichi · wall_segment Palisade Wall x1 |
| 18:50 | MorikawaKouichi · wall_segment Palisade Wall x1 |
| 18:54 | MorikawaKouichi · wall_segment Palisade Wall x4 |
| 18:57 | 藍朽 · first_building Siege Workshop |
| 19:05 | MorikawaKouichi · wall_segment Palisade Wall x1 |
| 19:08 | MorikawaKouichi · wall_segment Palisade Wall x1 |
| 19:11 | MorikawaKouichi · wall_segment Palisade Wall x1 |
| 19:13 | MorikawaKouichi · wall_segment Palisade Wall x1 |
| 19:16 | MorikawaKouichi · wall_segment Palisade Wall x1 |
| 19:28 | Lil' Bị · first_building Monastery |
| 19:39 | TUPI2 · first_building Siege Workshop |
| 19:52 | 藍朽 · first_building Castle |
| 20:03 | volraththefallen · first_building Siege Workshop |
| 20:06 | Kroxa · first_building Castle |
| 20:40 | Grey · first_building Barracks |
| 20:52 | 藍朽 · tribute_sent a jugador 1 |
| 20:52 | 藍朽 · tribute_sent a jugador 2 |
| 20:52 | 藍朽 · tribute_sent a jugador 3 |
| 20:52 | 藍朽 · tribute_sent a jugador 4 |
| 20:52 | 藍朽 · tribute_sent a jugador 5 |
| 20:52 | 藍朽 · tribute_sent a jugador 6 |
| 20:52 | 藍朽 · tribute_sent a jugador 7 |
| 21:55 | Lil' Bị · first_building Stable |
| 22:02 | 藍朽 · first_building Monastery |
| 23:24 | Grey · first_building Stable |
| 23:30 | Grey · first_building Archery Range |
| 24:07 | Lil' Bị · first_building Siege Workshop |
| 24:48 | Qoo · first_market_buy 100 stone |
| 24:53 | Qoo · first_building Castle |
| 27:39 | Lil' Bị · first_building Castle |
| 27:42 | MorikawaKouichi · first_building Barracks |
| 27:51 | 藍朽 · first_market_sell 500 stone |
| 28:44 | 藍朽 · first_market_buy 100 stone |
| 28:55 | MorikawaKouichi · first_building Archery Range |
| 29:50 | Grey · first_building Castle |
| 29:51 | volraththefallen · first_building Stable |
| 29:57 | volraththefallen · first_building Archery Range |
| 30:18 | MorikawaKouichi · wall_segment Stone Wall x11 |
| 31:31 | volraththefallen · age_up imperial |
| 32:23 | 藍朽 · age_up imperial |
| 32:25 | 藍朽 · wall_segment Palisade Wall x4 |
| 32:26 | Grey · age_up imperial |
| 33:03 | TUPI2 · age_up imperial |
| 33:07 | MorikawaKouichi · age_up imperial |
| 36:45 | Lil' Bị · age_up imperial |
| 36:57 | Qoo · resign |
| 37:41 | Kroxa · age_up imperial |
| 37:46 | Kroxa · first_market_sell 100 stone |
| 38:37 | TUPI2 · first_building Barracks |
| 39:18 | TUPI2 · first_building Archery Range |
| 39:39 | TUPI2 · first_market_buy 100 wood |
| 44:28 | volraththefallen · wall_segment Palisade Wall x1 |
| 46:00 | volraththefallen · first_market_buy 100 stone |
| 46:39 | MorikawaKouichi · wall_segment Stone Wall x8 |
| 47:38 | Lil' Bị · tribute_sent a jugador 1 |
| 47:38 | Lil' Bị · tribute_sent a jugador 2 |
| 47:38 | Lil' Bị · tribute_sent a jugador 3 |
| 47:38 | Lil' Bị · tribute_sent a jugador 4 |
| 47:38 | Lil' Bị · tribute_sent a jugador 5 |
| 47:38 | Lil' Bị · tribute_sent a jugador 6 |
| 47:38 | Lil' Bị · tribute_sent a jugador 8 |
| 51:02 | MorikawaKouichi · first_market_buy 100 stone |
[ AI ANALYSIS · 1 CREDIT ]
What really happened in this match?
Wolo.gg analyzes every decision: build order, eco, micro, common mistakes by bracket. Personalized analysis on WhatsApp or Discord in 30 seconds.
Civ guide
Mongols
Perfil
Jugador #4028604